 Dungeon Crawl Stone Soup version 0.21-a0-504-g2eda330 (webtiles) character file.

26 tof the Twirler (level 2, -2/22 HPs)
             Began as a Demonspawn Gladiator on Nov 26, 2017.
             Slain by a worm (7 damage)
             ... on level 1 of the Dungeon.
             The game lasted 00:01:20 (656 turns).

tof the Twirler (Demonspawn Gladiator)               Turns: 656, Time: 00:01:20

Health: -2/22      AC:  4    Str: 14    XL:     2   Next: 89%
Magic:  2/2        EV: 15    Int:  9    God:
Gold:   82         SH:  0    Dex: 14    Spells: 1/1 levels left

rFire    . . .     SeeInvis .   a - +0 quarterstaff
rCold    . . .     Gourm    .   (shield currently unavailable)
rNeg     . . .     Faith    .   b - +0 leather armour
rPois    .         Spirit   .   c - +0 helmet
rElec    .         Reflect  .   (no cloak)
rCorr    .         Harm     .   (no gloves)
MR       .....                  (no boots)
Stlth    +.........             (no amulet)
HPRegen  0.07/turn              (no ring)
MPRegen  0.08/turn              (no ring)

@: no status effects
A: repulsion field 1
a: no special abilities


You were on level 1 of the Dungeon.
You were not hungry.

You visited 1 branch of the dungeon, and saw 2 of its levels.

You collected 82 gold pieces.

Inventory:

Hand Weapons
 a - a +0 quarterstaff (weapon)
Missiles
 d - 3 throwing nets (quivered)
Armour
 b - a +0 leather armour (worn)
 c - a +0 helmet (worn)
Scrolls
 h - 2 scrolls of amnesia {unknown}
 i - a scroll of enchant weapon {unknown}
 j - a scroll of teleportation {unknown}
 k - a scroll of magic mapping {unknown}
 l - a scroll of enchant armour {unknown}
 m - a scroll of remove curse {unknown}
Potions
 e - 3 potions of curing {unknown}
Comestibles
 f - a bread ration


   Skills:
 + Level 2.3 Fighting
 * Level 3.2 Staves
 + Level 2.1 Throwing
 + Level 2.9 Dodging


You had one spell level left.
You didn't know any spells.

Dungeon Overview and Level Annotations

Branches:
Dungeon (2/15)

Altars:


Innate Abilities, Weirdness & Mutations

You are surrounded by a mild repulsion field. (EV +2)


Message History

The worm misses you.
You hit the hobgoblin but do no damage.
The hobgoblin is heavily wounded.
The hobgoblin barely misses you.
You closely miss the hobgoblin.
The hobgoblin is heavily wounded.
The worm bites you but does no damage. The hobgoblin closely misses you.
You sock the hobgoblin!
You kill the hobgoblin!
The worm closely misses you.
Things that are here:
a club; a hobgoblin corpse You barely miss the worm.
The worm is lightly wounded.
The worm bites you!
* * * LOW HITPOINT WARNING * * *
You barely miss the worm.
The worm is lightly wounded.
The worm bites you!
You die...

### ###### ..# #....# ..#
#....# ..# #....# ..#
#....# ####### ..#
#....##### #.....#
..###........###.###.#
....'.........>w@#)#.#
...##........#.###.#.#####
....#........+.....#.....#
..#.#..>.....#.#.#######.#
###.#........#.#.....###.#
#..........#.#####.....#
##.........#.# #####.#
####.........#.# #.#
.............#.# ###


You could see a worm.

Vanquished Creatures
  A dart slug (D:1)
  A leopard gecko (D:1)
  4 bats (D:1)
  2 goblins
  4 hobgoblins (D:1)
  3 jackals (D:1)
  A frilled lizard (D:1)
  2 kobolds (D:1)
  4 rats (D:1)
22 creatures vanquished.

Notes
Turn   | Place    | Note
-------+----------+-------------------------------------------
     0 | D:1      | tof the Demonspawn Gladiator began the quest for the Orb.
     0 | D:1      | Reached XP level 1. HP: 16/16 MP: 1/1
   162 | D:1      | Reached skill level 3 in Staves
   162 | D:1      | Gained mutation: You are surrounded by a mild repulsion field. (EV +2) [demonic ancestry]
   162 | D:1      | Reached XP level 2. HP: 22/22 MP: 2/2
   656 | D:1      | Slain by a worm

Vault maps used:
D:1:      minmay_arrival_semitransparent

Skill      XL: |  1  2 |
---------------+-------+-----
Staves         | 3 |  3.2
Throwing       | 2 |  2.1
Fighting       | |  2.3
Dodging        | |  2.9

Action                   || total
-------------------------++-------
Melee: Quarterstaff      ||    56
 Stab: Sleeping          ||     1
Armor: Leather armour    ||    28
Dodge: Dodged            ||    63

Table legend:
 A = Spawn XP
 B = Non-spawn XP
 C = Spawn XP percentage of total XP
 D = Spawn monster count
 E = Non-spawn monster count
 F = Spawn count percentage of total count
 G = Total turns spent on level
                    A         B        C        D         E        F      G
               +---------+---------+-------+---------+---------+-------+---------
         Total |       0 |      38 |   0.0 |       0 |      22 |   0.0 |   656
               +---------+---------+-------+---------+---------+-------+---------
           D:1 |       0 |      36 |   0.0 |       0 |      21 |   0.0 |   642
           D:2 |       0 |       2 |   0.0 |       0 |       1 |   0.0 |    14
               +---------+---------+-------+---------+---------+-------+---------
